Red Wings vs Jets
Created - 17 février 2013 at 00:32
Goals
|
| Red Wings |
0 |
1 |
0 |
0 |
2 |
2 |
| Jets |
0 |
1 |
0 |
0 |
0 |
1 |
|
Shots
|
| Red Wings |
8 |
11 |
8 |
1 |
2 |
28 |
| Jets |
14 |
9 |
12 |
1 |
2 |
36 |
|
1st period
No Goal
Penalties :
Peter Worrell (Win) for High sticking (Minor) at 4:57, Zenon Konopka (Win) for Roughing (Minor) at 12:59, Lubos Bartecko (Det) for Interference (Minor) at 12:59
2nd period
1. Jets , Peter Worrell 17 (Jason Allison, Martin Erat) at 3:08 (PP)
2. Red Wings , Jarome Iginla 21 (Paul Martin) at 3:21
Penalties :
Antti Miettinen (Det) for Interference (Minor) at 0:20, Martin Straka (Det) for Roughing (Minor) at 3:02, Bryce Salvador (Win) for Hooking (Minor) at 3:24, Sean Bergenheim (Det) for Hooking (Minor) at 10:45, Martin Straka (Det) for Tripping (Minor) at 16:05
3rd period
No Goal
Penalties :
Niklas Kronwall (Win) for Tripping (Minor) at 0:54, Martin Straka (Det) for High sticking (Minor) at 0:54, Mike Leclerc (Win) for Holding (Minor) at 11:55, Sean Bergenheim (Det) for Slashing (Minor) at 17:30
Overtime #1
No Goal
Penalties :
No Penalty
Shootout
Penalty Shot by Jarome Iginla for Red Wings - Goal!
Penalty Shot by Peter Worrell for Jets - Stopped by Jonathan Quick
Penalty Shot by Mike Richards for Red Wings - Goal!
Penalty Shot by Jason Arnott for Jets - Shot Misses the Net
Penalties :
No Penalty
Goalie Stats
Jonathan Quick (Det), 35 saves from 36 shots - (0,972), W, 19-11-2, 65:00 minutes
Maxime Daigneault (Win), 27 saves from 28 shots - (0,964), OTL, 6-3-5, 65:00 minutes
Players Stats for Red Wings
Player Name G A P +/- PIM S H SB GA TA FO MP PP MP PK MP
------------------------------------------------------------------------------------
Antti Miettinen 0 0 0 0 2 2 1 0 0 0 0/0 15:31 2:58 1:16
Brian Pothier 0 0 0 0 0 0 0 1 0 0 0/0 13:32 2:31 0:00
Brian Sutherby 0 0 0 0 0 2 0 0 0 0 6/14 13:43 0:17 4:21
Christian Backman 0 0 0 0 0 0 1 0 0 1 0/0 13:47 0:00 3:20
Donald Brashear 0 0 0 0 0 2 3 0 1 0 0/0 18:52 2:58 1:24
Jan Bulis 0 0 0 0 0 1 1 0 0 0 6/8 14:17 0:00 2:40
Jarome Iginla 1 0 1 1 0 5 1 1 2 0 1/1 25:11 2:42 4:21
Kim Johnsson 0 0 0 0 0 1 1 2 0 3 0/0 29:46 3:26 4:42
Lubos Bartecko 0 0 0 0 2 1 1 0 0 0 0/0 9:59 0:17 0:00
Marcel Hossa 0 0 0 0 0 2 1 0 0 0 0/0 8:55 0:17 0:00
Martin Straka 0 0 0 1 6 1 1 0 1 0 16/33 20:28 2:42 0:01
Mathieu Dandenault 0 0 0 0 0 1 0 0 0 0 0/0 9:13 0:00 2:01
Maxim Kondratiev 0 0 0 1 0 1 0 2 0 1 0/0 21:42 0:00 3:20
Mike Richards 0 0 0 0 0 2 0 0 0 2 4/9 15:31 2:58 0:00
Paul Martin 0 1 1 1 0 2 2 2 0 0 0/0 21:14 3:26 0:00
Peter Schaefer 0 0 0 0 0 1 1 0 2 0 0/0 9:20 0:00 0:00
Sean Bergenheim 0 0 0 1 4 3 4 0 1 0 0/1 16:53 2:42 0:00
Shea Weber 0 0 0 0 0 1 2 1 1 1 0/0 29:59 2:31 4:42
Players Stats for Jets
Player Name G A P +/- PIM S H SB GA TA FO MP PP MP PK MP
------------------------------------------------------------------------------------
Benoit Pouliot 0 0 0 -1 0 1 2 0 1 0 1/2 23:07 3:42 1:36
Bryce Salvador 0 0 0 0 2 1 1 2 0 0 0/0 21:32 0:00 2:24
Colin White 0 0 0 0 0 1 0 2 0 0 0/0 14:36 0:00 2:37
Dainius Zubrus 0 0 0 0 0 0 0 1 1 1 0/0 6:55 0:00 0:00
Dmitri Kalinin 0 0 0 -1 0 2 1 1 0 1 0/0 23:04 2:48 3:39
Jason Allison 0 1 1 -1 0 5 0 0 0 0 18/34 23:17 4:20 1:10
Jason Arnott 0 0 0 0 0 3 2 0 1 0 9/15 22:01 3:42 3:04
Jussi Jokinen 0 0 0 0 0 6 1 2 0 2 1/2 15:27 0:00 0:25
Justin Williams 0 0 0 0 0 0 0 0 0 0 0/0 8:39 0:00 0:00
Martin Erat 0 1 1 0 0 5 1 0 0 0 1/2 16:23 4:20 0:00
Mike Leclerc 0 0 0 0 2 0 0 0 0 3 0/0 9:07 0:00 2:01
Niklas Kronwall 0 0 0 0 2 0 0 1 1 0 0/0 15:38 2:48 0:56
Pavel Kubina 0 0 0 -1 0 2 3 1 2 0 0/0 25:47 5:14 0:24
Peter Worrell 1 0 1 0 2 4 2 0 2 0 1/3 13:52 4:20 0:27
Tuomo Ruutu 0 0 0 0 0 2 1 0 0 0 2/6 12:49 0:00 1:58
Wade Redden 0 0 0 0 0 1 0 2 0 0 0/0 29:28 5:14 1:54
Zenon Konopka 0 0 0 0 2 0 2 0 0 0 0/1 7:11 0:00 0:00
Zigmund Palffy 0 0 0 -1 0 3 1 0 0 1 0/1 21:07 3:42 1:13
3 Stars
1 - Jonathan Quick (Det)
2 - Maxime Daigneault (Win)
3 - Jarome Iginla (Det)
Power Play
Red Wings - 0 on 3 Attempt(s) - 0,00%
Jets - 1 on 5 Attempt(s) - 20,00%
Penalty Kill
Red Wings - 4 on 5 Attempt(s) - 80,00%
- Score 0 goal in Penalty Kill
Jets - 3 on 3 Attempt(s) - 100,00%
- Score 0 goal in Penalty Kill
Official
Referees : Meier Brad and Ciamaga Chris
Linesman : Derek Nansen and Steve Barton
Game Notes
No Game Note
Finance
Level 1 -- Attendance: 5428 (90,47%) -- Ticket Income 434 240 $
Level 2 -- Attendance: 4999 (99,98%) -- Ticket Income 249 950 $
Level 3 -- Attendance: 1909 (95,45%) -- Ticket Income 62 997 $
Level 4 -- Attendance: 3928 (98,20%) -- Ticket Income 78 560 $
Luxury Box -- Attendance: 963 (96,30%) -- Ticket Income 168 525 $
Game was played at the MTS Center
Total Attendance: 17227 (95,71%)
Total Ticket Income: 994 272 $
Total Income: 994 272 $
Red Wings
5 vs 5 Forward
Center Left Wing Right Wing Time % Phy DF OF
1 Martin Straka Sean Bergenheim Jarome Iginla 40 0 1 4
2 Mike Richards Donald Brashear Antti Miettinen 30 0 2 3
3 Jan Bulis Peter Schaefer Lubos Bartecko 22 0 3 2
4 Brian Sutherby Marcel Hossa Mathieu Dandenault 8 0 3 2
5 vs 5 Defense
Defense Defense Time % Phy DF OF
1 Kim Johnsson Shea Weber 40 0 2 3
2 Paul Martin Maxim Kondratiev 35 0 2 3
3 Christian Backman Brian Pothier 15 0 4 1
4 Kim Johnsson Shea Weber 10 0 3 2
PowerPlay Forward
Center Left Wing Right Wing Time % Phy DF OF
1 Martin Straka Sean Bergenheim Jarome Iginla 60 0 1 4
2 Mike Richards Donald Brashear Antti Miettinen 40 0 1 4
PowerPlay Defense
Defense Defense Time % Phy DF OF
1 Kim Johnsson Paul Martin 60 0 2 3
2 Shea Weber Brian Pothier 40 0 2 3
Penalty Kill 4 Players Forward
Center Wing Time % Phy DF OF
1 Brian Sutherby Jarome Iginla 60 1 4 0
2 Jan Bulis Mathieu Dandenault 40 1 4 0
Penalty Kill 4 Players Defense
Defense Defense Time % Phy DF OF
1 Kim Johnsson Shea Weber 60 1 4 0
2 Christian Backman Maxim Kondratiev 40 1 4 0
Penalty Kill - 3 Players Forward
Forward Time % Phy DF OF
1 Brian Sutherby 60 1 4 0
2 Jan Bulis 40 1 4 0
Penalty Kill - 3 Players Defense
Defense Defense Time % Phy DF OF
1 Kim Johnsson Shea Weber 60 1 4 0
2 Christian Backman Maxim Kondratiev 40 1 4 0
4 vs 4 Forward
Center Wing Time % Phy DF OF
1 Martin Straka Jarome Iginla 60 1 1 3
2 Mike Richards Donald Brashear 40 1 1 3
4 vs 4 Defense
Defense Defense Time % Phy DF OF
1 Kim Johnsson Shea Weber 60 1 1 3
2 Paul Martin Maxim Kondratiev 40 1 1 3
Last Minutes Offensive
Center Left Wing Right Wing Defense Defense
Martin Straka Sean Bergenheim Jarome Iginla Kim Johnsson Paul Martin
Last Minutes Defensive
Center Left Wing Right Wing Defense Defense
Jan Bulis Peter Schaefer Jarome Iginla Kim Johnsson Shea Weber
Goaltenders
Starting : Jonathan Quick
Backup : Mike Smith
Extra Forwards
Normal : Martin Straka, Jarome Iginla, Jan Bulis - PP : Martin Straka, Jarome Iginla - PK : Antti Miettinen
Extra Defensemen
Normal : Shea Weber, Kim Johnsson, Paul Martin - PP : Shea Weber - PK : Christian Backman, Maxim Kondratiev
Penalty Shots
Jarome Iginla, Mike Richards, Antti Miettinen, Peter Schaefer, Brian Sutherby
Jets
5 vs 5 Forward
Center Left Wing Right Wing Time % Phy DF OF
1 Jason Allison Benoit Pouliot Zigmund Palffy 40 1 1 3
2 Jason Arnott Jussi Jokinen Martin Erat 30 1 1 3
3 Tuomo Ruutu Peter Worrell Justin Williams 20 1 1 3
4 Zenon Konopka Mike Leclerc Dainius Zubrus 10 1 2 2
5 vs 5 Defense
Defense Defense Time % Phy DF OF
1 Wade Redden Bryce Salvador 40 2 2 1
2 Dmitri Kalinin Pavel Kubina 30 2 2 1
3 Colin White Niklas Kronwall 20 1 2 2
4 Wade Redden Pavel Kubina 10 2 2 1
PowerPlay Forward
Center Left Wing Right Wing Time % Phy DF OF
1 Jason Allison Peter Worrell Martin Erat 60 1 0 4
2 Jason Arnott Benoit Pouliot Zigmund Palffy 40 1 0 4
PowerPlay Defense
Defense Defense Time % Phy DF OF
1 Wade Redden Pavel Kubina 60 0 1 4
2 Dmitri Kalinin Niklas Kronwall 40 0 2 3
Penalty Kill 4 Players Forward
Center Wing Time % Phy DF OF
1 Jason Arnott Mike Leclerc 60 0 4 1
2 Peter Worrell Zigmund Palffy 40 0 4 1
Penalty Kill 4 Players Defense
Defense Defense Time % Phy DF OF
1 Dmitri Kalinin Bryce Salvador 60 1 4 0
2 Colin White Wade Redden 40 1 4 0
Penalty Kill - 3 Players Forward
Forward Time % Phy DF OF
1 Mike Leclerc 60 0 4 1
2 Jason Arnott 40 0 4 1
Penalty Kill - 3 Players Defense
Defense Defense Time % Phy DF OF
1 Dmitri Kalinin Bryce Salvador 60 1 2 2
2 Colin White Wade Redden 40 1 2 2
4 vs 4 Forward
Center Wing Time % Phy DF OF
1 Jason Allison Benoit Pouliot 60 1 2 2
2 Jason Arnott Zigmund Palffy 40 1 2 2
4 vs 4 Defense
Defense Defense Time % Phy DF OF
1 Wade Redden Pavel Kubina 60 1 2 2
2 Dmitri Kalinin Bryce Salvador 40 1 2 2
Last Minutes Offensive
Center Left Wing Right Wing Defense Defense
Jason Allison Benoit Pouliot Zigmund Palffy Wade Redden Pavel Kubina
Last Minutes Defensive
Center Left Wing Right Wing Defense Defense
Jason Arnott Mike Leclerc Zigmund Palffy Bryce Salvador Wade Redden
Goaltenders
Starting : Maxime Daigneault
Backup : Ilya Bryzgalov
Extra Forwards
Normal : Jussi Jokinen, Benoit Pouliot, Tuomo Ruutu - PP : Zigmund Palffy, Benoit Pouliot - PK : Tuomo Ruutu
Extra Defensemen
Normal : Colin White, Pavel Kubina, Dmitri Kalinin - PP : Niklas Kronwall - PK : Bryce Salvador, Dmitri Kalinin
Penalty Shots
Peter Worrell, Jason Arnott, Benoit Pouliot, Jason Allison, Wade Redden
% Time on Ice - Red Wings
Lines # - Real PCT - Wanted PCT - Time Play
Normal Forward
1 - 35% - 40% - 14:55
2 - 25% - 30% - 10:42
3 - 22% - 22% - 9:20
4 - 17% - 8% - 7:06
Normal Defense
1 - 38% - 40% - 16:07
2 - 38% - 35% - 16:11
3 - 22% - 15% - 9:07
4 - 2% - 10% - 0:38
PP Forward
1 - 50% - 60% - 2:59
2 - 50% - 40% - 2:58
PP Defense
1 - 58% - 60% - 3:26
2 - 42% - 40% - 2:31
PK Forward
1 - 75% - 60% - 6:01
2 - 25% - 40% - 2:01
PK Defense
1 - 59% - 60% - 4:42
2 - 41% - 40% - 3:20
PK3 Forward
1 - 0% - 60%
2 - 0% - 40%
PK3 Defense
1 - 0% - 60%
2 - 0% - 40%
44 Forward
1 - 80% - 60% - 7:09
2 - 20% - 40% - 1:49
44 Defense
1 - 63% - 60% - 5:39
2 - 37% - 40% - 3:19
Last Minute Offensive - 0:00
Last Minute Defensive - 0:00
Total
Forward - 65:00
Defense - 65:00
|
% Time on Ice - Jets
Lines # - Real PCT - Wanted PCT - Time Play
Normal Forward
1 - 34% - 40% - 14:11
2 - 30% - 30% - 12:30
3 - 21% - 20% - 8:39
4 - 16% - 10% - 6:43
Normal Defense
1 - 40% - 40% - 16:50
2 - 29% - 30% - 12:11
3 - 26% - 20% - 11:08
4 - 5% - 10% - 1:54
PP Forward
1 - 54% - 60% - 4:20
2 - 46% - 40% - 3:42
PP Defense
1 - 65% - 60% - 5:14
2 - 35% - 40% - 2:48
PK Forward
1 - 80% - 60% - 4:44
2 - 20% - 40% - 1:13
PK Defense
1 - 68% - 60% - 4:03
2 - 32% - 40% - 1:54
PK3 Forward
1 - 0% - 60%
2 - 0% - 40%
PK3 Defense
1 - 0% - 60%
2 - 0% - 40%
44 Forward
1 - 70% - 60% - 6:18
2 - 30% - 40% - 2:40
44 Defense
1 - 61% - 60% - 5:29
2 - 39% - 40% - 3:29
Last Minute Offensive - 0:00
Last Minute Defensive - 0:00
Total
Forward - 65:00
Defense - 65:00
|
Play by Play
1st period
0:01 of 1st period - Martin Straka wins face-off versus Jason Allison in neutral zone.
0:06 of 1st period - Wade Redden is hit by Sean Bergenheim and loses puck.
0:49 of 1st period - Kim Johnsson is hit by Dmitri Kalinin and loses puck.
1:14 of 1st period - Wrist shot by Dmitri Kalinin.
1:14 of 1st period - Stopped by Jonathan Quick with a rebound.
1:34 of 1st period - Snap shot by Sean Bergenheim.
1:34 of 1st period - Stopped by Maxime Daigneault without a rebound.
1:35 of 1st period - Jason Arnott wins face-off versus Mike Richards in Jets zone.
2:13 of 1st period - Snap shot by Benoit Pouliot.
2:13 of 1st period - Shot Misses the Net.
3:06 of 1st period - Backhand shot by Jarome Iginla.
3:06 of 1st period - Stopped by Maxime Daigneault with a rebound.
3:50 of 1st period - Wrist shot by Justin Williams.
3:50 of 1st period - Shot Misses the Net.
3:54 of 1st period - Wrist shot by Tuomo Ruutu.
3:54 of 1st period - Shot Misses the Net.
3:56 of 1st period - Snap shot by Justin Williams.
3:56 of 1st period - Deflect By Peter Worrell.
3:56 of 1st period - Stopped by Jonathan Quick with a rebound.
3:58 of 1st period - Wrist shot by Bryce Salvador.
3:58 of 1st period - Stopped by Jonathan Quick without a rebound.
3:59 of 1st period - Jason Arnott wins face-off versus Martin Straka in Red Wings zone.
4:28 of 1st period - Snap shot by Benoit Pouliot.
4:28 of 1st period - Stopped by Jonathan Quick with a rebound.
4:57 of 1st period - Minor Penalty to Peter Worrell for High sticking.
4:58 of 1st period - Martin Straka wins face-off versus Jason Arnott in Jets zone.
6:10 of 1st period - Zigmund Palffy is hit by Sean Bergenheim.
6:57 of 1st period - Penalty to Peter Worrell is over, Peter Worrell is back on ice.
7:17 of 1st period - Wrist shot by Peter Worrell.
7:17 of 1st period - Stopped by Jonathan Quick with a rebound.
7:19 of 1st period - Backhand shot by Jason Arnott.
7:19 of 1st period - Stopped by Jonathan Quick without a rebound.
7:20 of 1st period - Brian Sutherby wins face-off versus Jason Allison in Red Wings zone.
7:22 of 1st period - Icing by Paul Martin.
7:23 of 1st period - Jason Allison wins face-off versus Brian Sutherby in Red Wings zone.
7:38 of 1st period - Slapshot by Benoit Pouliot.
7:38 of 1st period - Shot Blocked by Maxim Kondratiev.
7:53 of 1st period - Wrist shot by Justin Williams.
7:53 of 1st period - Shot Blocked by Maxim Kondratiev.
7:55 of 1st period - Slapshot by Colin White.
7:55 of 1st period - Shot Misses the Net.
7:57 of 1st period - Snap shot by Peter Worrell.
7:57 of 1st period - Shot Blocked by Paul Martin.
8:11 of 1st period - Snap shot by Donald Brashear.
8:11 of 1st period - Shot Blocked by Bryce Salvador.
8:13 of 1st period - Slapshot by Paul Martin.
8:13 of 1st period - Deflect By Wade Redden.
8:13 of 1st period - Stopped by Maxime Daigneault with a rebound.
8:15 of 1st period - Slapshot by Paul Martin.
8:15 of 1st period - Shot Misses the Net.
8:17 of 1st period - Slapshot by Paul Martin.
8:17 of 1st period - Shot Blocked by Wade Redden.
8:19 of 1st period - Wrist shot by Donald Brashear.
8:19 of 1st period - Shot Blocked by Jussi Jokinen.
8:49 of 1st period - Snap shot by Jason Allison.
8:49 of 1st period - Stopped by Jonathan Quick without a rebound.
8:50 of 1st period - Brian Sutherby wins face-off versus Jason Allison in Red Wings zone.
8:59 of 1st period - Snap shot by Zigmund Palffy.
8:59 of 1st period - Stopped by Jonathan Quick with a rebound.
9:05 of 1st period - Slapshot by Jason Allison.
9:05 of 1st period - Stopped by Jonathan Quick with a rebound.
9:15 of 1st period - Peter Worrell is hit by Martin Straka and loses puck.
9:42 of 1st period - Snap shot by Antti Miettinen.
9:42 of 1st period - Deflect By Mike Richards.
9:42 of 1st period - Stopped by Maxime Daigneault with a rebound.
9:44 of 1st period - Snap shot by Donald Brashear.
9:44 of 1st period - Shot Misses the Net.
9:46 of 1st period - Snap shot by Kim Johnsson.
9:46 of 1st period - Shot Blocked by Niklas Kronwall.
10:16 of 1st period - Snap shot by Tuomo Ruutu.
10:16 of 1st period - Stopped by Jonathan Quick with a rebound.
10:18 of 1st period - Snap shot by Tuomo Ruutu.
10:18 of 1st period - Stopped by Jonathan Quick without a rebound.
10:19 of 1st period - Martin Straka wins face-off versus Tuomo Ruutu in Red Wings zone.
10:24 of 1st period - Wrist shot by Martin Straka.
10:24 of 1st period - Deflect By Sean Bergenheim.
10:24 of 1st period - Stopped by Maxime Daigneault without a rebound.
10:25 of 1st period - Martin Straka wins face-off versus Jason Arnott in Jets zone.
11:05 of 1st period - Snap shot by Mike Richards.
11:05 of 1st period - Shot Blocked by Wade Redden.
11:37 of 1st period - Slapshot by Wade Redden.
11:37 of 1st period - Shot Misses the Net.
11:43 of 1st period - Slapshot by Kim Johnsson.
11:43 of 1st period - Shot Blocked by Bryce Salvador.
11:45 of 1st period - Wrist shot by Kim Johnsson.
11:45 of 1st period - Shot Misses the Net.
11:54 of 1st period - Off-side.
11:55 of 1st period - Jason Arnott wins face-off versus Martin Straka in neutral zone.
11:58 of 1st period - Slapshot by Pavel Kubina.
11:58 of 1st period - Shot Misses the Net.
12:00 of 1st period - Snap shot by Jason Arnott.
12:00 of 1st period - Shot Blocked by Brian Pothier.
12:09 of 1st period - Off-side.
12:10 of 1st period - Jason Allison wins face-off versus Mike Richards in neutral zone.
12:13 of 1st period - Shea Weber is hit by Pavel Kubina and loses puck.
12:59 of 1st period - Minor Penalty to Zenon Konopka for Roughing.
12:59 of 1st period - Minor Penalty to Lubos Bartecko for Interference.
13:00 of 1st period - Martin Straka wins face-off versus Jason Allison in Red Wings zone.
13:47 of 1st period - Wrist shot by Zigmund Palffy.
13:47 of 1st period - Stopped by Jonathan Quick without a rebound.
13:48 of 1st period - Martin Straka wins face-off versus Jason Allison in Red Wings zone.
14:17 of 1st period - Snap shot by Donald Brashear.
14:17 of 1st period - Stopped by Maxime Daigneault without a rebound.
14:18 of 1st period - Mike Richards wins face-off versus Jason Arnott in Jets zone.
14:45 of 1st period - Shea Weber is hit by Benoit Pouliot and loses puck.
14:59 of 1st period - Penalty to Zenon Konopka is over, Zenon Konopka is back on ice.
14:59 of 1st period - Penalty to Lubos Bartecko is over, Lubos Bartecko is back on ice.
15:37 of 1st period - Tuomo Ruutu is hit by Christian Backman and loses puck.
16:49 of 1st period - Antti Miettinen is hit by Martin Erat and loses puck.
17:19 of 1st period - Snap shot by Lubos Bartecko.
17:19 of 1st period - Shot Misses the Net.
17:45 of 1st period - Mathieu Dandenault is hit by Peter Worrell and loses puck.
18:02 of 1st period - Slapshot by Kim Johnsson.
18:02 of 1st period - Stopped by Maxime Daigneault without a rebound.
18:03 of 1st period - Jason Allison wins face-off versus Mike Richards in Jets zone.
18:03 of 1st period - Jason Allison is hit by Paul Martin.
18:34 of 1st period - Slapshot by Jussi Jokinen.
18:34 of 1st period - Stopped by Jonathan Quick without a rebound.
18:35 of 1st period - Martin Straka wins face-off versus Jason Arnott in Red Wings zone.
19:05 of 1st period - Snap shot by Antti Miettinen.
19:05 of 1st period - Stopped by Maxime Daigneault without a rebound.
19:06 of 1st period - Jason Allison wins face-off versus Martin Straka in Jets zone.
19:54 of 1st period - Backhand shot by Jason Arnott.
19:54 of 1st period - Deflect By Jussi Jokinen.
19:54 of 1st period - Stopped by Jonathan Quick with a rebound.
19:58 of 1st period - Wrist shot by Jason Arnott.
19:58 of 1st period - Shot Misses the Net.
2nd period
0:01 of 2nd period - Jason Allison wins face-off versus Martin Straka in neutral zone.
0:04 of 2nd period - Martin Straka is hit by Pavel Kubina and loses puck.
0:20 of 2nd period - Minor Penalty to Antti Miettinen for Interference.
0:21 of 2nd period - Brian Sutherby wins face-off versus Jason Allison in Red Wings zone.
0:26 of 2nd period - Wrist shot by Jason Allison.
0:26 of 2nd period - Deflect By Martin Erat.
0:26 of 2nd period - Stopped by Jonathan Quick without a rebound.
0:27 of 2nd period - Brian Sutherby wins face-off versus Jason Allison in Red Wings zone.
0:42 of 2nd period - Snap shot by Martin Erat.
0:42 of 2nd period - Stopped by Jonathan Quick without a rebound.
0:43 of 2nd period - Jason Allison wins face-off versus Brian Sutherby in Red Wings zone.
0:54 of 2nd period - Slapshot by Jason Allison.
0:54 of 2nd period - Stopped by Jonathan Quick with a rebound.
0:56 of 2nd period - Snap shot by Martin Erat.
0:56 of 2nd period - Shot Blocked by Kim Johnsson.
2:20 of 2nd period - Penalty to Antti Miettinen is over, Antti Miettinen is back on ice.
2:40 of 2nd period - Icing by Dainius Zubrus.
2:41 of 2nd period - Jan Bulis wins face-off versus Zenon Konopka in Jets zone.
2:53 of 2nd period - Off-side.
2:54 of 2nd period - Jason Allison wins face-off versus Sean Bergenheim in neutral zone.
3:02 of 2nd period - Minor Penalty to Martin Straka for Roughing.
3:03 of 2nd period - Jason Allison wins face-off versus Brian Sutherby in Red Wings zone.
3:08 of 2nd period - Wrist shot by Peter Worrell.
3:08 of 2nd period - Goal by Peter Worrell - Red Wings : 0 - Jets : 1.
3:09 of 2nd period - Jason Allison wins face-off versus Martin Straka in neutral zone.
3:16 of 2nd period - Benoit Pouliot is hit by Jarome Iginla and loses puck.
3:21 of 2nd period - Wrist shot by Jarome Iginla.
3:21 of 2nd period - Goal by Jarome Iginla - Red Wings : 1 - Jets : 1.
3:22 of 2nd period - Jarome Iginla wins face-off versus Zigmund Palffy in neutral zone.
3:24 of 2nd period - Minor Penalty to Bryce Salvador for Hooking.
3:25 of 2nd period - Jason Arnott wins face-off versus Martin Straka in Jets zone.
4:32 of 2nd period - Brian Pothier is hit by Benoit Pouliot and loses puck.
5:02 of 2nd period - Off-side.
5:03 of 2nd period - Martin Straka wins face-off versus Peter Worrell in neutral zone.
5:24 of 2nd period - Penalty to Bryce Salvador is over, Bryce Salvador is back on ice.
5:43 of 2nd period - Wade Redden is hit by Lubos Bartecko and loses puck.
6:22 of 2nd period - Icing by Jarome Iginla.
6:23 of 2nd period - Jason Arnott wins face-off versus Martin Straka in Red Wings zone.
6:59 of 2nd period - Slapshot by Jason Arnott.
6:59 of 2nd period - Shot Blocked by Kim Johnsson.
7:22 of 2nd period - Snap shot by Jason Allison.
7:22 of 2nd period - Stopped by Jonathan Quick without a rebound.
7:23 of 2nd period - Martin Straka wins face-off versus Tuomo Ruutu in Red Wings zone.
7:23 of 2nd period - Martin Straka is hit by Peter Worrell.
7:31 of 2nd period - Wrist shot by Sean Bergenheim.
7:31 of 2nd period - Shot Misses the Net.
7:33 of 2nd period - Wrist shot by Sean Bergenheim.
7:33 of 2nd period - Shot Blocked by Dmitri Kalinin.
7:35 of 2nd period - Slapshot by Sean Bergenheim.
7:35 of 2nd period - Stopped by Maxime Daigneault with a rebound.
7:37 of 2nd period - Snap shot by Martin Straka.
7:37 of 2nd period - Stopped by Maxime Daigneault with a rebound.
7:39 of 2nd period - Backhand shot by Paul Martin.
7:39 of 2nd period - Stopped by Maxime Daigneault with a rebound.
8:19 of 2nd period - Snap shot by Mathieu Dandenault.
8:19 of 2nd period - Stopped by Maxime Daigneault without a rebound.
8:20 of 2nd period - Jason Allison wins face-off versus Martin Straka in Jets zone.
8:27 of 2nd period - Wrist shot by Zigmund Palffy.
8:27 of 2nd period - Stopped by Jonathan Quick without a rebound.
8:28 of 2nd period - Jason Allison wins face-off versus Martin Straka in Red Wings zone.
8:29 of 2nd period - Slapshot by Benoit Pouliot.
8:29 of 2nd period - Shot Blocked by Shea Weber.
8:31 of 2nd period - Snap shot by Zigmund Palffy.
8:31 of 2nd period - Shot Misses the Net.
8:33 of 2nd period - Backhand shot by Bryce Salvador.
8:33 of 2nd period - Shot Blocked by Jarome Iginla.
8:41 of 2nd period - Snap shot by Jason Allison.
8:41 of 2nd period - Shot Misses the Net.
8:43 of 2nd period - Slapshot by Wade Redden.
8:43 of 2nd period - Stopped by Jonathan Quick without a rebound.
8:44 of 2nd period - Mike Richards wins face-off versus Martin Erat in Red Wings zone.
9:11 of 2nd period - Shea Weber is hit by Bryce Salvador and loses puck.
9:18 of 2nd period - Slapshot by Jarome Iginla.
9:18 of 2nd period - Stopped by Maxime Daigneault without a rebound.
9:19 of 2nd period - Tuomo Ruutu wins face-off versus Mike Richards in Jets zone.
9:34 of 2nd period - Justin Williams is hit by Donald Brashear.
9:50 of 2nd period - Slapshot by Dmitri Kalinin.
9:50 of 2nd period - Stopped by Jonathan Quick without a rebound.
9:51 of 2nd period - Benoit Pouliot wins face-off versus Martin Straka in Red Wings zone.
10:18 of 2nd period - Wrist shot by Peter Schaefer.
10:18 of 2nd period - Stopped by Maxime Daigneault without a rebound.
10:19 of 2nd period - Jan Bulis wins face-off versus Jason Arnott in Jets zone.
10:19 of 2nd period - Jan Bulis is hit by Pavel Kubina.
10:21 of 2nd period - Slapshot by Lubos Bartecko.
10:21 of 2nd period - Stopped by Maxime Daigneault with a rebound.
10:45 of 2nd period - Minor Penalty to Sean Bergenheim for Hooking.
10:46 of 2nd period - Martin Erat wins face-off versus Brian Sutherby in Red Wings zone.
10:47 of 2nd period - Snap shot by Peter Worrell.
10:47 of 2nd period - Stopped by Jonathan Quick without a rebound.
10:48 of 2nd period - Jason Allison wins face-off versus Brian Sutherby in Red Wings zone.
12:45 of 2nd period - Penalty to Sean Bergenheim is over, Sean Bergenheim is back on ice.
13:44 of 2nd period - Paul Martin is hit by Jussi Jokinen.
14:09 of 2nd period - Lubos Bartecko is hit by Zenon Konopka and loses puck.
14:53 of 2nd period - Icing by Bryce Salvador.
14:54 of 2nd period - Jason Arnott wins face-off versus Martin Straka in Jets zone.
15:10 of 2nd period - Martin Straka is hit by Jason Arnott and loses puck.
15:35 of 2nd period - Snap shot by Mike Richards.
15:35 of 2nd period - Stopped by Maxime Daigneault without a rebound.
15:36 of 2nd period - Jan Bulis wins face-off versus Benoit Pouliot in Jets zone.
15:40 of 2nd period - Icing by Colin White.
15:41 of 2nd period - Jason Allison wins face-off versus Jan Bulis in Jets zone.
15:56 of 2nd period - Snap shot by Peter Schaefer.
15:56 of 2nd period - Shot Misses the Net.
16:05 of 2nd period - Minor Penalty to Martin Straka for Tripping.
16:06 of 2nd period - Brian Sutherby wins face-off versus Peter Worrell in Red Wings zone.
16:11 of 2nd period - Slapshot by Shea Weber.
16:11 of 2nd period - Shot Blocked by Pavel Kubina.
16:13 of 2nd period - Wrist shot by Brian Sutherby.
16:13 of 2nd period - Stopped by Maxime Daigneault with a rebound.
16:15 of 2nd period - Slapshot by Kim Johnsson.
16:15 of 2nd period - Shot Misses the Net.
16:17 of 2nd period - Snap shot by Brian Sutherby.
16:17 of 2nd period - Stopped by Maxime Daigneault without a rebound.
16:18 of 2nd period - Peter Worrell wins face-off versus Brian Sutherby in Jets zone.
18:05 of 2nd period - Penalty to Martin Straka is over, Martin Straka is back on ice.
18:21 of 2nd period - Maxim Kondratiev is hit by Zenon Konopka and loses puck.
18:49 of 2nd period - Peter Worrell is hit by Sean Bergenheim and loses puck.
19:31 of 2nd period - Martin Erat is hit by Shea Weber and loses puck.
3rd period
0:01 of 3rd period - Martin Straka wins face-off versus Jason Allison in neutral zone.
0:28 of 3rd period - Snap shot by Donald Brashear.
0:28 of 3rd period - Shot Blocked by Jussi Jokinen.
0:53 of 3rd period - Off-side.
0:54 of 3rd period - Jason Allison wins face-off versus Martin Straka in neutral zone.
0:54 of 3rd period - Minor Penalty to Niklas Kronwall for Tripping.
0:54 of 3rd period - Minor Penalty to Martin Straka for High sticking.
0:55 of 3rd period - Jan Bulis wins face-off versus Jason Allison in neutral zone.
1:06 of 3rd period - Wade Redden is hit by Jan Bulis and loses puck.
1:39 of 3rd period - Slapshot by Paul Martin.
1:39 of 3rd period - Shot Misses the Net.
2:15 of 3rd period - Jussi Jokinen is hit by Shea Weber and loses puck.
2:54 of 3rd period - Penalty to Niklas Kronwall is over, Niklas Kronwall is back on ice.
2:54 of 3rd period - Penalty to Martin Straka is over, Martin Straka is back on ice.
3:03 of 3rd period - Slapshot by Colin White.
3:03 of 3rd period - Stopped by Jonathan Quick with a rebound.
3:15 of 3rd period - Dainius Zubrus is hit by Sean Bergenheim and loses puck.
3:40 of 3rd period - Peter Worrell is hit by Paul Martin and loses puck.
4:16 of 3rd period - Wrist shot by Justin Williams.
4:16 of 3rd period - Shot Misses the Net.
4:40 of 3rd period - Pavel Kubina is hit by Peter Schaefer and loses puck.
4:57 of 3rd period - Snap shot by Jason Allison.
4:57 of 3rd period - Stopped by Jonathan Quick without a rebound.
4:58 of 3rd period - Mike Richards wins face-off versus Jason Allison in Red Wings zone.
5:04 of 3rd period - Icing by Wade Redden.
5:05 of 3rd period - Martin Straka wins face-off versus Jason Allison in Jets zone.
5:12 of 3rd period - Snap shot by Martin Straka.
5:12 of 3rd period - Shot Misses the Net.
5:20 of 3rd period - Jarome Iginla is hit by Zigmund Palffy.
5:52 of 3rd period - Snap shot by Marcel Hossa.
5:52 of 3rd period - Stopped by Maxime Daigneault without a rebound.
5:53 of 3rd period - Brian Sutherby wins face-off versus Tuomo Ruutu in Jets zone.
5:54 of 3rd period - Snap shot by Marcel Hossa.
5:54 of 3rd period - Shot Misses the Net.
6:24 of 3rd period - Slapshot by Shea Weber.
6:24 of 3rd period - Deflect By Jussi Jokinen.
6:24 of 3rd period - Stopped by Maxime Daigneault with a rebound.
6:26 of 3rd period - Wrist shot by Kim Johnsson.
6:26 of 3rd period - Shot Blocked by Colin White.
6:28 of 3rd period - Slapshot by Shea Weber.
6:28 of 3rd period - Deflect By Marcel Hossa.
6:28 of 3rd period - Shot Misses the Net.
6:28 of 3rd period - Puck is out of play.
6:29 of 3rd period - Martin Straka wins face-off versus Jason Allison in Jets zone.
6:32 of 3rd period - Snap shot by Sean Bergenheim.
6:32 of 3rd period - Shot Misses the Net.
6:34 of 3rd period - Slapshot by Maxim Kondratiev.
6:34 of 3rd period - Deflect By Jarome Iginla.
6:34 of 3rd period - Stopped by Maxime Daigneault with a rebound.
6:36 of 3rd period - Slapshot by Maxim Kondratiev.
6:36 of 3rd period - Stopped by Maxime Daigneault without a rebound.
6:37 of 3rd period - Martin Straka wins face-off versus Jason Allison in Jets zone.
6:51 of 3rd period - Off-side.
6:52 of 3rd period - Jason Arnott wins face-off versus Mike Richards in neutral zone.
6:57 of 3rd period - Wrist shot by Jason Arnott.
6:57 of 3rd period - Stopped by Jonathan Quick with a rebound.
7:05 of 3rd period - Snap shot by Jussi Jokinen.
7:05 of 3rd period - Stopped by Jonathan Quick with a rebound.
7:07 of 3rd period - Wrist shot by Martin Erat.
7:07 of 3rd period - Stopped by Jonathan Quick without a rebound.
7:08 of 3rd period - Jason Allison wins face-off versus Martin Straka in Red Wings zone.
7:21 of 3rd period - Slapshot by Kim Johnsson.
7:21 of 3rd period - Shot Misses the Net.
7:23 of 3rd period - Wrist shot by Jarome Iginla.
7:23 of 3rd period - Stopped by Maxime Daigneault with a rebound.
7:40 of 3rd period - Icing by Wade Redden.
7:41 of 3rd period - Jason Arnott wins face-off versus Martin Straka in Jets zone.
7:46 of 3rd period - Maxim Kondratiev is hit by Jason Arnott and loses puck.
7:51 of 3rd period - Wrist shot by Jason Arnott.
7:51 of 3rd period - Shot Blocked by Paul Martin.
7:53 of 3rd period - Slapshot by Wade Redden.
7:53 of 3rd period - Shot Misses the Net.
7:55 of 3rd period - Slapshot by Jussi Jokinen.
7:55 of 3rd period - Stopped by Jonathan Quick with a rebound.
7:57 of 3rd period - Wrist shot by Jussi Jokinen.
7:57 of 3rd period - Shot Misses the Net.
8:19 of 3rd period - Jussi Jokinen is hit by Donald Brashear and loses puck.
8:42 of 3rd period - Snap shot by Martin Erat.
8:42 of 3rd period - Stopped by Jonathan Quick without a rebound.
8:43 of 3rd period - Jason Allison wins face-off versus Martin Straka in Red Wings zone.
9:15 of 3rd period - Snap shot by Mike Richards.
9:15 of 3rd period - Shot Misses the Net.
9:17 of 3rd period - Slapshot by Shea Weber.
9:17 of 3rd period - Shot Blocked by Colin White.
9:19 of 3rd period - Slapshot by Donald Brashear.
9:19 of 3rd period - Stopped by Maxime Daigneault with a rebound.
9:55 of 3rd period - Snap shot by Marcel Hossa.
9:55 of 3rd period - Stopped by Maxime Daigneault without a rebound.
9:56 of 3rd period - Tuomo Ruutu wins face-off versus Brian Sutherby in Jets zone.
10:01 of 3rd period - Slapshot by Justin Williams.
10:01 of 3rd period - Shot Misses the Net.
10:49 of 3rd period - Wrist shot by Martin Erat.
10:49 of 3rd period - Stopped by Jonathan Quick with a rebound.
10:51 of 3rd period - Slapshot by Pavel Kubina.
10:51 of 3rd period - Stopped by Jonathan Quick with a rebound.
10:53 of 3rd period - Wrist shot by Dmitri Kalinin.
10:53 of 3rd period - Deflect By Martin Erat.
10:53 of 3rd period - Shot Misses the Net.
10:53 of 3rd period - Puck is out of play.
10:54 of 3rd period - Jussi Jokinen wins face-off versus Martin Straka in Red Wings zone.
11:55 of 3rd period - Minor Penalty to Mike Leclerc for Holding.
11:56 of 3rd period - Mike Richards wins face-off versus Jason Arnott in Jets zone.
12:07 of 3rd period - Wrist shot by Donald Brashear.
12:07 of 3rd period - Deflect By Antti Miettinen.
12:07 of 3rd period - Stopped by Maxime Daigneault with a rebound.
13:55 of 3rd period - Penalty to Mike Leclerc is over, Mike Leclerc is back on ice.
14:15 of 3rd period - Off-side.
14:16 of 3rd period - Jan Bulis wins face-off versus Tuomo Ruutu in neutral zone.
14:43 of 3rd period - Colin White is hit by Kim Johnsson.
15:03 of 3rd period - Snap shot by Jason Arnott.
15:03 of 3rd period - Deflect By Jussi Jokinen.
15:03 of 3rd period - Stopped by Jonathan Quick with a rebound.
15:15 of 3rd period - Sean Bergenheim is hit by Tuomo Ruutu and loses puck.
15:42 of 3rd period - Zigmund Palffy is hit by Antti Miettinen and loses puck.
16:57 of 3rd period - Off-side.
16:58 of 3rd period - Jan Bulis wins face-off versus Jason Allison in neutral zone.
17:29 of 3rd period - Snap shot by Jussi Jokinen.
17:29 of 3rd period - Stopped by Jonathan Quick without a rebound.
17:30 of 3rd period - Jason Arnott wins face-off versus Martin Straka in Red Wings zone.
17:30 of 3rd period - Minor Penalty to Sean Bergenheim for Slashing.
17:31 of 3rd period - Jason Allison wins face-off versus Brian Sutherby in Red Wings zone.
17:32 of 3rd period - Slapshot by Pavel Kubina.
17:32 of 3rd period - Stopped by Jonathan Quick with a rebound.
19:30 of 3rd period - Penalty to Sean Bergenheim is over, Sean Bergenheim is back on ice.
19:42 of 3rd period - Icing by Jussi Jokinen.
19:43 of 3rd period - Martin Straka wins face-off versus Jussi Jokinen in Jets zone.
19:44 of 3rd period - Wrist shot by Jarome Iginla.
19:44 of 3rd period - Deflect By Sean Bergenheim.
19:44 of 3rd period - Shot Blocked by Dainius Zubrus.
19:44 of 3rd period - Puck is out of play.
19:45 of 3rd period - Martin Straka wins face-off versus Jason Allison in Jets zone.
Overtime #1
0:01 of 1st overtime period - Martin Straka wins face-off versus Jason Allison in neutral zone.
0:45 of 1st overtime period - Slapshot by Jason Arnott.
0:45 of 1st overtime period - Shot Misses the Net.
0:47 of 1st overtime period - Snap shot by Jason Arnott.
0:47 of 1st overtime period - Stopped by Jonathan Quick with a rebound.
2:08 of 1st overtime period - Slapshot by Jan Bulis.
2:08 of 1st overtime period - Stopped by Maxime Daigneault without a rebound.
2:09 of 1st overtime period - Jason Allison wins face-off versus Jan Bulis in Jets zone.
3:41 of 1st overtime period - Tuomo Ruutu is hit by Marcel Hossa and loses puck.
4:48 of 1st overtime period - Tuomo Ruutu is hit by Donald Brashear and loses puck.
ShootOut
5:00 of 1st overtime period - Penalty Shot by Jarome Iginla for Red Wings.
5:00 of 1st overtime period - Deke by Jarome Iginla.
5:00 of 1st overtime period - Goal by Jarome Iginla.
5:00 of 1st overtime period - Penalty Shot by Peter Worrell for Jets.
5:00 of 1st overtime period - Backhand shot by Peter Worrell.
5:00 of 1st overtime period - Stopped by Jonathan Quick.
5:00 of 1st overtime period - Penalty Shot by Mike Richards for Red Wings.
5:00 of 1st overtime period - Snap shot by Mike Richards.
5:00 of 1st overtime period - Goal by Mike Richards.
5:00 of 1st overtime period - Penalty Shot by Jason Arnott for Jets.
5:00 of 1st overtime period - Wrist shot by Jason Arnott.
5:00 of 1st overtime period - Shot Misses the Net.
Output by the SimonT Hockey Simulator (STHS) for François Prévost -- Original Page W3C XHTML 1.0 Valid